 Dungeon Crawl Stone Soup version 0.29.1-2-gbd0b4ee654 (webtiles) character file.

Game seed: 12681698921787377925

137 concernfroge the Trooper (level 5, -8/46 HPs)
             Began as a Mummy Monk on Nov 26, 2022.
             Was a Believer of Okawaru.
             Mangled by an ice devil (9 damage)
             ... on level 1 of the Abyss.
             The game lasted 00:07:21 (2564 turns).

concernfroge the Trooper (Mummy Monk)               Turns: 2564, Time: 00:07:23

Health: -8/46      AC: 10    Str: 22    XL:     5   Next: 0%
Magic:  5/5        EV:  6    Int: 10    God:    Okawaru [**....]
Gold:   83         SH:  0    Dex: 14    Spells: 4/4 levels left

rFire   x . .      SeeInvis .   e - +1 quarterstaff
rCold   + . .      Faith    .   (shield currently unavailable)
rNeg    + + +      Spirit   .   f - +0 plate armour
rPois   ∞          Reflect  .   (no helmet)
rElec   .          Harm     .   (no cloak)
rCorr   .          Rampage  .   (no gloves)
Will    .....                   (no boots)
Stlth   ..........              (no amulet)
HPRegen 0.15/turn               l - +6 ring of strength
MPRegen 0.09/turn               (no ring)

@: silenced
A: cold resistance 1, negative energy resistance 3, torment resistance 2, heat
vulnerability 1, in touch with death 1, no potions
a: Renounce Religion


You were on level 1 of the Abyss.
You worshipped Okawaru.
Okawaru was pleased with you.
You visited 1 branch of the dungeon, and saw 3 of its levels.
You visited the Abyss 1 time.

You collected 83 gold pieces.

Inventory:

Hand Weapons
 a - a +0 spear
 e - a +1 quarterstaff (weapon)
Missiles
 g - 2 boomerangs (quivered)
Armour
 f - a +0 plate armour (worn)
Jewellery
 l - a +6 ring of strength (left hand)
 m - a +6 ring of intelligence
Wands
 k - a wand of polymorph (7)
Scrolls
 h - 2 scrolls of identify {unknown}
 i - a scroll of vulnerability {unknown}
 j - 2 scrolls of blinking {unknown}


   Skills:
 + Level 5.7 Fighting
 - Level 2.4 Polearms
 - Level 2.4 Dodging
 - Level 1.5 Stealth
 + Level 0.0 Invocations


You had 4 spell levels left.
You didn't know any spells.
Your spell library contained the following spells:

 Spells                   Type           Power      Damage    Failure   Level
 Gell's Gravitas          Tloc           0%         N/A       100%        3
 Ignite Poison            Fire/Tmut/Pois 0%         N/A       100%        3
 Mephitic Cloud           Conj/Pois/Air  0%         N/A       100%        3
 Teleport Other           Tloc           0%         N/A       100%        3
 Freezing Cloud           Conj/Ice/Air   0%         6-21      100%        5
 Dispersal                Tloc           0%         N/A       100%        6


Dungeon Overview and Level Annotations

Branches:
Dungeon (3/15)

Altars:


Innate Abilities, Weirdness & Mutations

You are immune to poison.
Your flesh is cold resistant. (rC+)
You are immune to negative energy. (rN+++)
You are immune to unholy pain and torment.
You are vulnerable to heat. (rF-)
You are in touch with the powers of death.
You do not drink.


Message History

You sock the kobold!
You kill the kobold!
The goblin hits you but does no damage.
You are cast into the Abyss!
This branch contains the abyssal rune of Zot.
You have reached level 5!
You feel clever.
HP restored.
Found an iron altar of Okawaru.
There is an iron altar of Okawaru here.
You kneel at the altar of Okawaru.
Okawaru welcomes you!
You can now gain great but temporary skills.
Okay, then.
A neqoxec comes into view.
As you read the scroll labelled YNGUIN VOSMO, it crumbles to dust.
It is a scroll of enchant weapon.
Your +0 quarterstaff glows red for a moment.
Press: ? - help, v - describe, . - travel
Here: an ice devil The floor.
As you read the scroll labelled VAIHEQ MIUMI, it crumbles to dust.
It is a scroll of amnesia.
You feel forgetful for a moment. The ice devil hits you.
The ice devil freezes you. You resist.
As you read the scroll labelled REDUDWO DACYV, it crumbles to dust.
A profound silence engulfs you.
It was a scroll of silence.
The ice devil hits you. The ice devil freezes you! You resist.
You hit the ice devil but do no damage. The ice devil barely misses you.
You closely miss the ice devil. The ice devil hits you.
The ice devil freezes you! You resist.
You hit the ice devil but do no damage. The ice devil barely misses you.
You closely miss the ice devil. The ice devil hits you.
* * * LOW HITPOINT WARNING * * *
The ice devil freezes you! You resist.
* * * LOW HITPOINT WARNING * * *
The ice devil hits you.
* * * LOW HITPOINT WARNING * * *
The ice devil freezes you! You resist.
You die...

###### ##.#..#
#.@#.# ###4## ###
#........# ## .
......# ######
........#.#######
# ...
.............
....# . ..#. ...
......_... ....+
# .....
..#..####.... ..#
. ........... #
#........


You could see an ice devil.

Vanquished Creatures
  An orc priest (D:3)
  Jessica (D:3)
  An adder (D:2)
  A worm (D:2)
  3 dart slugs
  7 orcs (D:3)
  3 bats
  7 endoplasms
  2 giant cockroaches (D:3)
  5 hobgoblins
  2 jackals (D:1)
  A quokka (D:2)
  6 ball pythons
  3 frilled lizards (D:2)
  4 goblins
  5 kobolds
  6 rats
58 creatures vanquished.

Notes
Turn   | Place    | Note
-------+----------+-------------------------------------------
     0 | D:1      | concernfroge the Mummy Monk began the quest for the Orb.
     0 | D:1      | Reached XP level 1. HP: 18/18 MP: 1/1
   206 | D:1      | Reached XP level 2. HP: 23/24 MP: 2/2
   426 | D:1      | Found a faded altar of an unknown god.
   959 | D:2      | Reached skill level 4 in Fighting
   966 | D:2      | Gained mutation: You are in touch with the powers of death.
                  | [Mummy growth]
   966 | D:2      | Reached XP level 3. HP: 29/30 MP: 3/3
  1486 | D:2      | Identified the +8 hand axe of Wondrous Power {vamp, rF- rC+
                  | Str+8 SInv}
  2014 | D:3      | Reached XP level 4. HP: 38/38 MP: 4/4
  2035 | D:3      | Reached skill level 5 in Fighting
  2357 | D:3      | Noticed Jessica
  2367 | D:3      | Killed Jessica
  2525 | Abyss:1  | Cast into level 1 of the Abyss (goblin)
  2526 | Abyss:1  | Reached XP level 5. HP: 45/46 MP: 5/5
  2539 | Abyss:1  | Found an iron altar of Okawaru.
  2547 | Abyss:1  | Became a worshipper of Warmaster Okawaru
  2547 | Abyss:1  | Reached * piety under Okawaru
  2547 | Abyss:1  | Reached ** piety under Okawaru
  2550 | Abyss:1  | Noticed a neqoxec
  2556 | Abyss:1  | Noticed an ice devil
  2564 | Abyss:1  | HP: 1/46 [ice devil (3)]
  2564 | Abyss:1  | Mangled by an ice devil

Illustrated notes

Levels and vault maps discovered:
D:1:      grunt_arrival_lava_bath, layout_basic,
          chequers_ecumenical_altar_island, corexii_hall_statues_l
D:2:      cheibrodos_helix_gallery, layout_loops_ring
D:3:      layout_basic, minmay_pentangle, uniq_jessica
Abyss:1:  base: D:1, eino_small_chamber_without_monster

Skill      XL: |  1  2  3  4 |
---------------+-------------+-----
Fighting       | 4 5 |  5.7
Polearms       | |  2.4
Dodging        | |  2.4
Stealth        | |  1.5

Action                   |  1- 3 |  4- 6 || total
-------------------------+-------+-------++-------
Melee: Spear             |    57 |       ||    57
       Quarterstaff      |    72 |    28 ||   100
  Use: Scroll            |       |     3 ||     3
 Stab: Sleeping          |     1 |       ||     1
Armor: Plate armour      |    74 |    15 ||    89
       Leather armour    |     1 |       ||     1
Dodge: Dodged            |    26 |    16 ||    42
